 Dungeon Crawl Stone Soup version 0.29.1-2-gbd0b4ee654 (webtiles) character file.

Game seed: 3273333391465192798

42 GorkyZ the Trooper (level 3, 0/23 HPs)
             Began as a Gargoyle Fighter on Nov 23, 2022.
             Frozen to death by an endoplasm (5 damage)
             ... on level 2 of the Dungeon.
             The game lasted 00:02:09 (721 turns).

GorkyZ the Trooper (Gargoyle Fighter)                Turns: 721, Time: 00:02:10

Health: 0/23       AC: 11    Str: 21    XL:     3   Next: 56%
Magic:  3/3        EV:  9    Int:  8    God:
Gold:   66         SH:  9    Dex:  9    Spells: 2/2 levels left

rFire   . . .      SeeInvis .   a - +0 war axe
rCold   . . .      Faith    .   c - +0 buckler
rNeg    + . .      Spirit   .   b - +0 scale mail
rPois   ∞          Reflect  +   m - +0 helmet
rElec   +          Harm     .   (no cloak)
rCorr   .          Rampage  .   (no gloves)
Will    .....                   (no boots)
Stlth   ..........              h - amulet of reflection
HPRegen 0.07/turn               (no ring)
MPRegen 0.08/turn               (no ring)

@: no status effects
A: sickness immunity, AC +3, negative energy resistance 1, electricity
resistance, torment resistance 1, petrification resistance
a: no special abilities


You were on level 2 of the Dungeon.
You visited 1 branch of the dungeon, and saw 2 of its levels.

You collected 66 gold pieces.

Inventory:

Hand Weapons
 a - a +0 war axe (weapon)
Armour
 b - a +0 scale mail (worn)
 c - a +0 buckler (worn)
 m - a +0 helmet (worn)
Jewellery
 h - an amulet of reflection (around neck)
 i - a ring of fire
Scrolls
 f - a scroll of blinking {unknown}
 g - a scroll of magic mapping {unknown}
 j - a scroll of enchant weapon {unknown}
 o - a scroll of teleportation {unknown}
 p - a scroll of identify {unknown}
Potions
 d - a potion of might
 e - a potion of cancellation {unknown}
 k - 2 potions of mutation {unknown}
 l - 2 potions of magic {unknown}
 n - a potion of flight {unknown}


   Skills:
 + Level 3.6 Fighting
 + Level 2.1 Axes
 + Level 1.0 Throwing
 + Level 3.6 Armour
 + Level 3.6 Shields
 + Level 0.8 Evocations


You had 2 spell levels left.
You didn't know any spells.
Your spell library contained the following spells:

 Spells                   Type           Power      Damage    Failure   Level
 Animate Dead             Necr           0%         N/A       100%        4
 Borgnjor's Vile Clutch   Necr/Erth      0%         N/A       100%        5
 Death Channel            Necr           0%         N/A       100%        6


Dungeon Overview and Level Annotations

Branches:
Dungeon (2/15)

Altars:

Shops:
D:1 [


Innate Abilities, Weirdness & Mutations

You are immune to sickness and miasma.
Your stone body is resilient. (AC +3)
You are immune to poison.
You resist negative energy. (rN+)
You are resistant to electric shocks. (rElec)
You are resistant to unholy torment.
You are immune to petrification.


Message History

You barely miss the orc. The quokka closely misses you.
The orc closely misses you.
The quokka bites you but does no damage.
The orc attacks as you move away!
The orc hits you with a +0 war axe of venom.
An endoplasm comes into view.
The endoplasm quivers.
The orc hits you but does no damage. You block the quokka's attack.
You see here a +0 club.
You hit the quokka.
You kill the quokka!
You barely miss the orc priest. You closely miss the orc. You hit the orc.
You closely miss the orc.
The orc priest hits you but does no damage.
The orc closely misses you. The orc barely misses you.
The orc hits you with a +0 war axe.
You hit the orc priest but do no damage.
You slash the orc!
You kill the orc!
You closely miss the orc. You hit the orc. The orc priest closely misses you.
You block the orc's attack. The orc hits you with a +0 flail.
The orc priest mumbles some strange prayers to Beogh against you.
You barely resist. You block the orc's attack.
The orc hits you with a +0 flail.
* * * LOW HITPOINT WARNING * * *
Your Throwing skill increases to level 1!
You closely miss the orc priest. You hit the orc.
You kill the orc!
You hit the orc but do no damage. You block the orc priest's attack.
You block the orc's attack.
You slash the orc priest!
The orc priest is heavily wounded.
You slash the orc!
You kill the orc!
You barely miss the endoplasm. You block the endoplasm's attack.
The orc priest mumbles some strange prayers to Beogh against you.
You barely resist. The endoplasm freezes you.
You are frozen.
You die...

#.# #.# #######.#######
.......†.......
#######†################
........########.......#
#####..................#
.......................#
..#.#..........)@o.....#
......)......))J).....#
.......................#
..##.#........##.......#
.. #....................
#.#.#########........
......... .........


You could see an orc priest and an endoplasm.

Vanquished Creatures
  An adder (D:2)
  4 orcs (D:2)
  A bat (D:1)
  2 endoplasms (D:1)
  A giant cockroach (D:1)
  A goblin (D:2)
  5 hobgoblins
  2 jackals (D:1)
  2 quokkas
  A ball python (D:1)
  2 frilled lizards
  3 kobolds
  3 rats
28 creatures vanquished.

Notes
Turn   | Place    | Note
-------+----------+-------------------------------------------
     0 | D:1      | GorkyZ the Gargoyle Fighter began the quest for the Orb.
     0 | D:1      | Reached XP level 1. HP: 14/14 MP: 1/1
   157 | D:1      | Reached XP level 2. HP: 19/19 MP: 2/2
   543 | D:1      | Found Nackug's Armour Boutique.
   657 | D:2      | Reached XP level 3. HP: 23/23 MP: 3/3
   720 | D:2      | Reached skill level 1 in Throwing
   721 | D:2      | Frozen to death by an endoplasm

Illustrated notes

Levels and vault maps discovered:
D:1:      evilmike_arrival_crescent, layout_rooms, serial_shops,
          nicolae_shop_behind_doors, minmay_misc_feat_ornament,
          corexii_corridor_pit, amethyst_killhole
D:2:      layout_basic, shapermc_ecumenical_altar_petra, minmay_distorted

Skill      XL: |  1  2  3 |
---------------+----------+-----
Axes           | 2 |  2.1
Throwing       | 1 |  1.0
Fighting       | |  3.6
Armour         | |  3.6
Shields        | |  3.6
Evocations     | |  0.8

Action                   || total
-------------------------++-------
Melee: War axe           ||    87
Armor: Scale mail        ||    49
Dodge: Dodged            ||    49
Block: Buckler           ||    45
